 Dungeon Crawl Stone Soup version 0.28.0-43-g3370ac3207 (webtiles) character file.

Game seed: 11586257679374827228

96 Peloso the Covered (level 4, -5/40 HPs)
             Began as a Minotaur Fighter on Mar 27, 2022.
             Killed from afar by Sigmund (7 damage)
             ... with a puff of flame
             ... on level 3 of the Dungeon.
             The game lasted 00:04:00 (2121 turns).

Peloso the Covered (Minotaur Fighter)               Turns: 2121, Time: 00:04:01

Health: -5/40      AC:  7    Str: 20    XL:     4   Next: 41%
Magic:  3/3        EV:  9    Int:  5    God:
Gold:   93         SH:  5    Dex: 12    Spells: 3/3 levels left

rFire   . . .      SeeInvis .   a - +0 long sword
rCold   . . .      Faith    .   c - +0 buckler
rNeg    . . .      Spirit   .   b - +0 scale mail
rPois   .          Reflect  .   (helmet restricted)
rElec   .          Harm     .   (no cloak)
rCorr   .          Rampage  .   (no gloves)
Will    .....                   (no boots)
Stlth   ..........              (no amulet)
HPRegen 0.13/turn               (no ring)
MPRegen 0.08/turn               (no ring)

@: no status effects
A: horns 2, retaliatory headbutt
a: no special abilities


You were on level 3 of the Dungeon.
You visited 1 branch of the dungeon, and saw 3 of its levels.

You collected 123 gold pieces.
You spent 30 gold pieces at shops.

Inventory:

Hand Weapons
 a - a +0 long sword (weapon)
Armour
 b - a +0 scale mail (worn)
 c - a +0 buckler (worn)
Jewellery
 k - an amulet of the acrobat
Scrolls
 j - a scroll of teleportation
 l - a scroll of noise
Potions
 d - a potion of might
 e - a potion of invisibility {unknown}
 g - a potion of flight
 i - a potion of magic {unknown}


   Skills:
 + Level 4.2 Fighting
 + Level 3.3 Long Blades
 + Level 4.9 Armour
 + Level 0.9 Dodging
 + Level 4.0 Shields


You had 3 spell levels left.
You didn't know any spells.
Your spell library was empty.

Dungeon Overview and Level Annotations

Branches:
Dungeon (3/15)

Altars:

Shops:
D:2 *

Annotations:
D:3 Sigmund


Innate Abilities, Weirdness & Mutations

You have a pair of horns on your head.
You reflexively headbutt those who attack you in melee.


Message History

Sigmund is lightly wounded.
You miss Sigmund.
Sigmund is lightly wounded.
You feel less confused.
Sigmund zaps a wand.
The puff of flame hits you but does no damage.
Sigmund casts a spell.
Sigmund flickers and vanishes!
Deactivating autopickup; reactivate with Ctrl-A.
You miss something. Something hits you.
You barely miss something. Your headbutt misses something. Something hits you.
You miss something. You hit something.
You hear some strange, mumbled words.
A magic dart appears from out of thin air!
The magic dart hits you.
You hear some strange, mumbled words.
Something tries to affect you, but you resist.
You slash something! Something hits you!
* * * LOW HITPOINT WARNING * * *
You closely miss something. Your headbutt misses something.
Something hits you but does no damage.
You slash something!
You hear some strange, mumbled words.
Something tries to affect you, but you resist.
You miss something. Something hits you but does no damage.
You feel better.
Okay, then.
Something hits you.
* * * LOW HITPOINT WARNING * * *
You hear some strange, mumbled words.
Something tries to affect you, but you resist.
You hear a zap.
A puff of flame appears from out of thin air!
The puff of flame hits you!
* * * LOW HITPOINT WARNING * * *
You see here 14 gold pieces.
A puff of flame appears from out of thin air!
The puff of flame hits you!
You die...

.##...### ........# #..
.###..### #.# .# #..#
#.# ##.## ###.## #..#
.... ####..# #..######
#.....########..<....#
#............#.@#
#....#.#####.#..#
##....#..####.#..####.#
##....#....†...$......#
##....#....##.#{.######
##.........+..#..#
......#....####..#
...##......{.....#
...##.###.######.#


There were no monsters in sight!

Vanquished Creatures
  2 adders
  A worm (D:3)
  2 dart slugs
  An orc (D:3)
  2 bats
  7 endoplasms
  4 giant cockroaches
  10 goblins
  7 hobgoblins
  3 quokkas (D:2)
  10 ball pythons
  5 frilled lizards
  7 kobolds
  3 rats
64 creatures vanquished.

Notes
Turn   | Place    | Note
-------+----------+-------------------------------------------
     0 | D:1      | Peloso the Minotaur Fighter began the quest for the Orb.
     0 | D:1      | Reached XP level 1. HP: 19/19 MP: 0/0
   163 | D:1      | Reached XP level 2. HP: 27/27 MP: 1/1
   628 | D:1      | Reached XP level 3. HP: 30/33 MP: 2/2
   715 | D:1      | Found a faded altar of an unknown god.
  1536 | D:2      | Found Pircho Dedym's General Store.
  1552 | D:2      | Bought a scroll of identify for 20 gold pieces
  1552 | D:2      | Bought a scroll of noise for 10 gold pieces
  1639 | D:2      | Reached XP level 4. HP: 40/40 MP: 3/3
  2080 | D:3      | Noticed Sigmund
  2103 | D:3      | HP: 1/40 [something (12)]
  2114 | D:3      | HP: 2/40 [something/puff of flame (11)]
  2121 | D:3      | Killed from afar by Sigmund

Illustrated notes

Levels and vault maps discovered:
D:1:      erik_arrival_orb_chamber, layout_rooms,
          dreamdust_ecumenical_altar_sealed_demon
D:2:      layout_rooms, serial_shops, nicolae_lakefront_shop,
          kennysheep_generic_room_5
D:3:      layout_basic, kennysheep_generic_room_15, uniq_crazy_yiuf_cottage,
          uniq_sigmund

Skill      XL: |  1  2  3 |
---------------+----------+-----
Armour         | 4 |  4.9
Shields        | 4 |  4.0
Long Blades    | 3 |  3.3
Fighting       | 4 |  4.2
Dodging        | |  0.9

Action                   |  1- 3 |  4- 6 || total
-------------------------+-------+-------++-------
Melee: Long sword        |    99 |    50 ||   149
       Headbutt          |     8 |     5 ||    13
  Use: Scroll            |     4 |       ||     4
       Potion            |       |     1 ||     1
Armor: Scale mail        |    69 |    14 ||    83
Dodge: Dodged            |    64 |    21 ||    85
Block: Buckler           |    26 |     7 ||    33
